[Event "Czech Open-Rapid 2022"]
[Site "Pardubice"]
[Date "2022.07.20"]
[Round "2.7"]
[White "Pulpan, Jakub"]
[Black "Kotva, Milan"]
[Result "1-0"]
[ECO "A01"]
[WhiteElo "2424"]
[BlackElo "1833"]
[Annotator "TA"]
[PlyCount "47"]
[EventDate "2022.07.20"]
[EventType "swiss"]
[EventCountry "CZE"]
[SourceTitle "playchess.com"]
[Source "ChessBase"]
[SourceQuality "1"]
[TimeControl "1200+10"]

1. b3 d5 2. Bb2 Bf5 3. Nf3 e6 4. g3 Nd7 5. Bg2 Ngf6 6. O-O Be7 7. c4 c6 8. d3 O-O 9. Nbd2 Qb6 {[%emt 0:00:22] A12: English Opening: 1...c6 with b3 by White.} 10. Qc2 a5 11. a3 Bg6 {[#] The position is equal.} 12. Bc3 $146 ({Predecessor:} 12. h3 Rfd8 13. Nh4 Bh5 14. g4 Ne8 15. Ndf3 Bg6 16. Nxg6 hxg6 17. Bc3 Bf6 18. Rab1 {1-0 (47) Schuh,H (2292)-Toedter,C (1956) Baden 2019}) 12... Rfe8 13. Qb2 Rac8 14. h3 (14. b4 $11) 14... Bf8 ({Black should play} 14... c5 $15) 15. Nh4 $11 e5 {[%emt 0:00:30] [#] Hoping for ...d4.} 16. Nxg6 hxg6 17. e3 {[%emt 0:00:47] Inhibits d4.} Bd6 18. d4 e4 $2 {[%emt 0:00:23] A mistake that costs the game.} (18... exd4 $14 19. exd4 (19. Bxd4 Be5 $11) 19... Bb4) 19. c5 $18 Bxc5 20. dxc5 Nxc5 21. Bxf6 Nd3 $2 (21... gxf6 {is tougher.} 22. Qxf6 Nd3) 22. Qd4 {[%emt 0:00:10] White is clearly winning.} c5 {[%emt 0:00:18] [#]} 23. Qxd5 Qxf6 (23... gxf6 24. Bxe4) 24. Nxe4 {[%emt 0:00:03] Weighted Error Value: White=0.13 (very precise) /Black=0.78} 1-0

[Event "Czech Open-Rapid 2022"]
[Site "Pardubice"]
[Date "2022.07.20"]
[Round "2.8"]
[White "Kavalir, Jan"]
[Black "Jirovsky, Milos"]
[Result "0-1"]
[ECO "B01"]
[WhiteElo "1987"]
[BlackElo "2458"]
[Annotator "TA"]
[PlyCount "126"]
[EventDate "2022.07.20"]
[EventType "swiss"]
[EventCountry "CZE"]
[SourceTitle "playchess.com"]
[Source "ChessBase"]
[SourceQuality "1"]
[TimeControl "1200+10"]

1. e4 d5 2. exd5 Qxd5 3. Nc3 Qd6 4. d4 Nf6 5. Nf3 c6 6. Bd3 {[%emt 0:00:28] B01: Scandinavian Defence.} Bg4 7. Be3 Nbd7 8. h3 {[%emt 0:00:12] White is slightly better.} Bh5 9. g4 Bg6 10. Qd2 e6 {[%emt 0:00:11] [#]} 11. Bf4 $146 ({Predecessor:} 11. O-O-O Qc7 12. Nh4 Bxd3 13. Qxd3 O-O-O 14. f4 Bb4 15. Rhf1 Qa5 16. a3 Bxc3 17. Qxc3 Qxc3 18. bxc3 {0-1 (46) Liubavsky,G (1793)-Nureev,G (2349) Gelendzhik 2016}) 11... Qb4 12. O-O-O Qa5 13. Kb1 (13. Ne5 $11) 13... Bb4 $17 14. Qe1 (14. Bxg6 $142 hxg6 15. Qd3) 14... Nd5 15. Bd2 Bxd3 16. cxd3 N7b6 ({Better is} 16... Bxc3 $17 17. bxc3 Qb5+ 18. Kc2 Qa4+ 19. Kb2 b5) 17. Ne5 Bxc3 18. Bxc3 Qb5 19. Ba5 O-O $40 {[%emt 0:02:16][%mdl 128] Black wants a kill.} 20. Rc1 Nf4 {[%emt 0:02:32] Pair of Knights!} (20... Na4 $6 21. b3 $11) 21. Qd2 Nbd5 22. Nc4 ({White should play} 22. Rc5 Qa6 23. Bc7 Nxc7 24. Qxf4) 22... b6 23. Bc3 {[%emt 0:00:07] [#]} Rfd8 $1 {[%emt 0:00:06] Black is more active.} 24. Rhd1 (24. Ka1 $17) 24... Rac8 25. Ne3 Nxc3+ ({Inferior is} 25... Nxh3 26. Nxd5 Qxd5 27. Qe3 $17) 26. Rxc3 Nxh3 (26... Rxd4 27. Nc2 Ra4 28. Rc4 $17) 27. Nc2 Qg5 28. Nb4 c5 ({Worse is} 28... Qxg4 29. Nxc6 Rxc6 30. Rxc6 $15) ({Don't take} 28... Rxd4 29. Qxg5 Nxg5 30. Nxc6 Rxc6 31. Rxc6 $16) 29. Qxg5 Nxg5 30. dxc5 bxc5 (30... Ne4 $1 $19 31. Rc2 bxc5) 31. Rdc1 a5 (31... Rd4 $17 32. Rxc5 Rxc5 33. Rxc5 {[#]} g6 $1 34. Rxg5 Rxb4) 32. Na6 Ra8 33. Nxc5 Nf3 34. Nb7 Rdb8 {[%emt 0:00:07] ...h5 is the strong threat.} 35. Nxa5 $1 {[%emt 0:00:52] Strongly threatening Nc6.} Nd2+ 36. Ka1 {[%emt 0:00:01][%cal Oc1c2] Black must now prevent R1c2!} h5 (36... f5 $142 $1 37. Nc6 Nb3+ 38. Kb1 Nxc1 39. Nxb8 Rxb8 40. Rxc1 fxg4) 37. R1c2 {[%emt 0:01:11] Hoping for Nc6.} (37. Rc5 $5 ) 37... Rxa5 38. Rxd2 hxg4 $11 {[%emt 0:00:01][%mdl 4096] Endgame KRR-KRR} 39. Rc4 f5 $1 40. d4 Kf7 41. Rc5 Ra6 42. d5 exd5 43. Rcxd5 Kf6 44. Rd6+ $2 {[%emt 0:00:02][%mdl 8192] White does not recover from this.} (44. Kb1 $15) 44... Rxd6 $19 45. Rxd6+ {[%emt 0:00:01] KR-KR} Ke5 46. Rd7 g5 {[%emt 0:00:05] Threatens to win with ...f4.} 47. a4 Rb4 48. Ra7 f4 {[%emt 0:00:02] aiming for ...g3.} 49. Ra5+ Kf6 50. Ra6+ Kf5 51. Ra5+ Kg6 52. Ra6+ Kh5 {[%emt 0:00:02] ( -> ...g3)} 53. Rf6 g3 {[%emt 0:00:10] Black mates.} 54. fxg3 fxg3 55. Rf1 Kg4 56. Ka2 Rxa4+ 57. Kb3 Rf4 58. Rg1 Kf3 59. Kc3 Kf2 60. Rd1 g2 61. Rd2+ Kg3 62. Rd1 Rf1 63. Rd3+ Rf3 {[%emt 0:00:01] Weighted Error Value: White=0.54/Black=0.11 (very precise)} 0-1

[Event "Czech Open-Rapid 2022"]
[Site "Pardubice"]
[Date "2022.07.20"]
[Round "2.9"]
[White "Vykouk, Jan"]
[Black "Kovalskyi, Roman"]
[Result "1-0"]
[ECO "B35"]
[WhiteElo "2476"]
[BlackElo "2056"]
[Annotator "TA"]
[PlyCount "103"]
[EventDate "2022.07.20"]
[EventType "swiss"]
[EventCountry "CZE"]
[SourceTitle "playchess.com"]
[Source "ChessBase"]
[SourceQuality "1"]
[TimeControl "1200+10"]

1. e4 c5 2. Nf3 g6 3. d4 cxd4 4. Nxd4 Nc6 5. Nc3 Bg7 6. Be3 Nf6 7. Bc4 d6 8. f3 Qb6 9. Nf5 Qxb2 10. Nxg7+ Kf8 11. Nd5 Nxd5 12. Bxd5 Kxg7 13. Kf2 Qc3 14. Rb1 {[%emt 0:00:01] [#] B75: Sicilian Dragon: Yugoslav Attack, Miscellaneous.} Re8 $146 ({Predecessor:} 14... Qa5 15. h4 h5 16. g4 hxg4 17. fxg4 Ne5 18. g5 Bg4 19. Qd4 Rac8 20. Rxb7 e6 21. Rxa7 Rxc2+ {½-½ (28) Vachier Lagrave,M (2730)-Savchenko,B (2638) Moscow 2010}) 15. Rb3 Qa5 16. h4 {[%emt 0:00:15] The position is equal.} h5 $1 17. Qd3 f6 18. f4 {[%mdl 1024] White has compensation.} Qc7 19. Rd1 Bg4 (19... Bd7 $5 ) 20. Rdb1 Rab8 21. f5 Ne5 22. Qd2 b6 23. Rc3 Qd7 24. Be6 Qb7 25. Qd4 {[%emt 0:02:18] [#]} (25. Bd5 $11 {keeps the balance.} Qa6 26. Be6) 25... Nd7 (25... gxf5 26. exf5 Rec8 27. Qf4 $11) (25... Rec8 $1 $17 {...Rxc3 is the strong threat.} 26. Rbb3 Rc5) 26. Bd5 $1 $11 {[%emt 0:02:43] This bishop pair is nice.} Qa6 27. Rc7 $1 (27. Bc4 Qa5 28. Bb5 (28. Rb5 Qa4 $15) 28... Nc5 $17) 27... Qe2+ 28. Kg1 {[%emt 0:00:02] Chess con chili.} Ne5 {[%emt 0:00:01] Strongly threatening ...Rbc8.} 29. Bf2 ({White should try} 29. Qc3 $11) 29... Rbc8 $1 $15 30. Rxa7 Rxc2 {[%emt 0:00:51] Hoping for ...Nd3.} 31. Rf1 $2 (31. Re1 $15 Qxf2+ 32. Qxf2 Rxf2 33. Kxf2 Nd3+ 34. Kf1 Nxe1 35. Kxe1) 31... Bh3 32. Ra3 Rd2 $1 $36 {[%emt 0:02:08][%mdl 2048] Black is in control.} 33. Qe3 Qxe3 34. Rxe3 Bg4 35. Be6 Nd3 36. Bg3 (36. Be1 $17 Rd1 37. Bc4) 36... Ra8 37. Rb1 Rb8 (37... Ra7 $17 38. Be1 Nxe1 39. Rexe1 Ra3) 38. a4 (38. Be1 $15 Nxe1 39. Rexe1) 38... Nc5 39. a5 b5 40. Bc4 b4 41. a6 Ra8 (41... gxf5 $6 42. exf5 Kf8 43. Ra3 Nxa6 44. Rxa6 $11) ({Black should play} 41... Rc2 $17 42. Bb3 Re2 43. Rxe2 Bxe2) 42. Rxb4 $11 Nxa6 $2 (42... Rd1+ $11 {and Black stays safe.} 43. Kh2 Rd4) 43. Rb7 $18 Nc5 $2 (43... Kf8 $16) 44. Rxe7+ Kh6 45. Rf7 $2 (45. Bf4+ g5 46. Ra3 $3 Rd1+ 47. Kh2) 45... Ra1+ $2 (45... Rd4) 46. Kh2 gxf5 47. Rxf6+ $2 (47. exf5 {mates} Bxf5 48. Rxf6+ Bg6 49. Re7 Rf1 50. Bxf1 Rd4 51. Rf8 Be8 52. Rfxe8) 47... Kg7 48. Rf7+ ({Not} 48. Rxd6 Rxd6 49. Bxd6 Rc1 50. Be5+ (50. Bxc5 Rxc4 51. Be7 Rxe4 $11) 50... Kf8 51. Bd6+ Kg7 52. Be5+ (52. Bxc5 Rxc4 53. Ba7 Ra4 $11) 52... Kf8 $14) 48... Kg6 49. exf5+ Bxf5 {[%emt 0:00:06] [#]} 50. Ree7 $1 {[%emt 0:00:39] Intending Rg7+ and mate.} Be4 $2 (50... Rd4 $18 51. Be2 Be6) 51. Rg7+ Kf5 52. Ref7# {[%emt 0:00:04] Weighted Error Value: White=0.50/Black=0.66} 1-0

[Event "Czech Open-Rapid 2022"]
[Site "Pardubice"]
[Date "2022.07.20"]
[Round "2.10"]
[White "Pacl, Vaclav"]
[Black "Luch, Michal"]
[Result "0-1"]
[ECO "A13"]
[WhiteElo "2036"]
[BlackElo "2375"]
[Annotator "TA"]
[PlyCount "68"]
[EventDate "2022.07.20"]
[EventType "swiss"]
[EventCountry "CZE"]
[SourceTitle "playchess.com"]
[Source "ChessBase"]
[SourceQuality "1"]
[TimeControl "1200+10"]

1. c4 e6 2. Nf3 d5 3. e3 Nf6 4. b3 a5 5. Nc3 Be7 6. d4 {[%emt 0:00:15] A13: English Opening: 1...e6.} O-O 7. Bd3 b6 8. O-O {[%emt 0:00:38] White is slightly better.} Bb7 {[%emt 0:00:06] [#]} 9. Qc2 $146 ({Predecessor:} 9. Bb2 Nbd7 10. Rc1 Rc8 11. cxd5 exd5 12. Qe2 Re8 13. Ba6 Bxa6 14. Qxa6 c6 15. Qd3 Bd6 {½-½ (15) Dizdarevic,E (2492)-Drasko,M (2504) Sarajevo 2006}) 9... c5 10. cxd5 exd5 11. Nb5 Nc6 12. a3 {[%emt 0:01:03] Inhibits Nb4.} a4 13. dxc5 ({White should play} 13. bxa4 $11 c4 14. Be2) 13... axb3 $15 14. Qxb3 bxc5 {[%emt 0:00:05][%cal Bb6c5,Bc5c4][%mdl 32] [#] aiming for ...c4.} 15. Bf5 {[%emt 0:00:35] White is on the road to losing.} (15. Qd1 $15) 15... g6 $17 16. Bh3 (16. Bc2 $142) 16... Ba6 17. a4 c4 $36 {[%emt 0:00:58][%mdl 2048] Black is in control.} 18. Qb1 Ne4 19. Bb2 Rb8 20. Ne5 Nxe5 21. Bxe5 Rb7 {[%emt 0:00:10] Against Bc7. ...Nd2 is the strong threat.} 22. Rd1 {[%emt 0:00:33] Inhibits Nd2.} (22. Qb2 $17) 22... Bf6 $19 23. Bxf6 (23. Bd4) 23... Qxf6 {[%emt 0:00:01] Black is clearly winning.} 24. Qc2 (24. f3 $142 Bxb5 25. fxe4) 24... Bxb5 25. axb5 Rxb5 {[%emt 0:00:02] [#] Strongly threatening ...Rb2.} 26. f3 Rb2 27. Qc1 Nf2 28. Rd4 Nxh3+ 29. gxh3 Rfb8 30. f4 Qf5 31. Ra8 Rxa8 32. Qxb2 Qxh3 33. Qc3 Qf3 (33... Qg4+ $142 34. Kf1 Rb8) 34. Rd2 Re8 {[%emt 0:00:06] Weighted Error Value: White=1.12/Black=0.16 (very precise)} (34... Rb8 $142 35. Qc2 Qxe3+ 36. Kg2 d4) 0-1

[Event "Czech Open-Rapid 2022"]
[Site "Pardubice"]
[Date "2022.07.20"]
[Round "2.11"]
[White "Lalic, Bogdan"]
[Black "Kokes, Bohuslav"]
[Result "1-0"]
[ECO "A44"]
[WhiteElo "2412"]
[BlackElo "1909"]
[Annotator "TA"]
[PlyCount "59"]
[EventDate "2022.07.20"]
[EventType "swiss"]
[EventCountry "CZE"]
[SourceTitle "playchess.com"]
[Source "ChessBase"]
[SourceQuality "1"]
[TimeControl "1200+10"]

1. d4 c5 2. d5 e5 3. e4 d6 4. c4 Be7 5. Nc3 Bg5 6. Bxg5 Qxg5 7. h4 {[%emt 0:00:05] A44: Semi-Benoni.} Qe7 8. g3 Nh6 9. Bh3 {[%emt 0:00:11] White is slightly better.} Nd7 10. Nf3 O-O {[%emt 0:01:00] [#]} 11. Ng5 $146 ({Predecessor:} 11. g4 f6 12. g5 Nf7 13. Qd2 Nb6 14. b3 fxg5 15. hxg5 Nh8 16. Nh4 g6 17. O-O-O Bxh3 18. Rxh3 {½-½ (31) Michenka,J (2375)-Shtyrenkov,V (2455) Zlin 1995}) 11... Kh8 12. Qe2 Ng8 13. f4 h6 14. O-O-O Ngf6 {[%emt 0:01:39] White stays focused until the end.} (14... a6 $14 {deserves consideration.}) 15. Nf3 {[%emt 0:01:53] White is much more active. The black rooks are badly placed.} Re8 {[%emt 0:00:33] [#]} ({Black should try} 15... Nh5 $14) 16. f5 $1 $16 a6 17. g4 Nh7 18. g5 h5 (18... hxg5 $2 19. hxg5 Rd8 20. g6 $18) (18... b5 $142 19. f6 (19. cxb5 axb5 20. f6 gxf6 $16) 19... gxf6) 19. g6 Nhf6 (19... fxg6 $142 20. fxg6 Nhf6) 20. gxf7 $18 Qxf7 21. Ng5 Qe7 22. Rhg1 Nf8 23. Rg3 N8h7 24. Rdg1 Rg8 25. Bg2 (25. a4 $142) 25... b5 $2 (25... g6) 26. Bf3 Qe8 27. cxb5 axb5 (27... Nf8 $142 28. b6 Rb8) 28. Qxb5 Bd7 (28... Qe7 $142 29. Ne6 Bxe6) 29. Qb6 Qe7 {[%emt 0:00:28] [#]} 30. Qxd6 $3 {[%emt 0:00:17][%mdl 512] Weighted Error Value: White=0.23 (precise) /Black=0.50} 1-0

[Event "Czech Open-Rapid 2022"]
[Site "Pardubice"]
[Date "2022.07.20"]
[Round "2.12"]
[White "Postl, Petr"]
[Black "Neuman, Petr"]
[Result "0-1"]
[ECO "B23"]
[WhiteElo "1900"]
[BlackElo "2378"]
[Annotator "TA"]
[PlyCount "62"]
[EventDate "2022.07.20"]
[EventType "swiss"]
[EventCountry "CZE"]
[SourceTitle "playchess.com"]
[Source "ChessBase"]
[SourceQuality "1"]
[TimeControl "1200+10"]

1. e4 c5 2. Nc3 d6 3. f4 g6 4. Nf3 Bg7 5. d3 Nc6 6. Be3 Nd4 {[%emt 0:00:07] B23: Closed Sicilian: Lines without g3.} 7. Be2 e6 8. Qd2 Ne7 {[%emt 0:00:04][%cal Bg8e7,Be7f5,Bf5e3][%mdl 32] Black has an edge.} 9. O-O-O Qa5 {[%emt 0:00:18] [#]} 10. e5 $146 ({Predecessor:} 10. a3 b5 11. Bxd4 cxd4 12. Na2 Qb6 13. e5 a5 14. c3 dxc3 15. Qxc3 Bd7 16. Qd2 {½-½ (33) Helm,J (1654)-Lais,T (1809) Zirndorf 2008}) 10... Nef5 11. g4 Nxf3 12. Bxf3 Nxe3 13. Qxe3 d5 {[%emt 0:00:05] Inhibits Ne4.} 14. d4 O-O 15. h4 b5 16. h5 (16. f5 $14 b4 17. Nxd5 exd5 18. f6) 16... b4 $11 {[%emt 0:00:02] [#] White must now prevent ...cxd4.} 17. Nxd5 exd5 18. Bxd5 {[%emt 0:00:02] Strongly threatening hxg6.} Be6 19. Bxa8 Rxa8 20. d5 $2 {[%emt 0:00:01] [#]} (20. hxg6 $11 {and White stays safe.} fxg6 21. Qh3 (21. dxc5 $2 Qxa2 22. Qf3 Rf8 $19) (21. Qf3 Rd8 $11)) 20... Bxg4 $19 21. hxg6 fxg6 (21... hxg6 $19 {is more deadly.} 22. Kb1 c4) 22. Rdg1 {[%emt 0:01:17] Now White is beyond hope.} (22. Kb1 $17) 22... Bf5 {[%emt 0:00:01] And now ...c4 would win. This bishop pair is nice.} 23. Kb1 c4 24. Rg5 $2 (24. d6) 24... Qxd5 {[%emt 0:00:26] Black is clearly winning.} 25. Rhg1 Rf8 26. Kc1 b3 27. axb3 cxb3 28. Qxb3 Qxb3 29. cxb3 Bh6 30. Kd2 Bxg5 31. fxg5 Re8 {[%emt 0:00:11] Weighted Error Value: White=0.54/Black=0.20 (precise)} 0-1

[Event "Czech Open-Rapid 2022"]
[Site "Pardubice"]
[Date "2022.07.20"]
[Round "2.13"]
[White "Dobrowolski, Piotr"]
[Black "Svoboda, Petr"]
[Result "1-0"]
[ECO "C88"]
[WhiteElo "2423"]
[BlackElo "2088"]
[Annotator "TA"]
[PlyCount "67"]
[EventDate "2022.07.20"]
[EventType "swiss"]
[EventCountry "CZE"]
[SourceTitle "playchess.com"]
[Source "ChessBase"]
[SourceQuality "1"]
[TimeControl "1200+10"]

1. e4 e5 2. Nf3 Nc6 3. Bb5 a6 4. Ba4 Nf6 5. O-O Be7 6. Re1 b5 7. Bb3 O-O 8. a4 Bb7 9. d3 h6 {[%emt 0:00:42] C88: Closed Ruy Lopez: Anti-Marshall Systems.} 10. Nc3 b4 11. Ne2 d6 {[%emt 0:00:19] White is slightly better.} 12. a5 Re8 13. Ng3 Bf8 14. Bd2 Rb8 15. Nf5 {[%emt 0:00:48] [#]} Bc8 $146 ({Predecessor:} 15... d5 16. Ba4 dxe4 17. dxe4 Nd7 18. Be3 Nc5 19. Bxc5 Bxc5 20. Qd5 Qxd5 21. exd5 Na7 22. Bxe8 Rxe8 23. Rxe5 Rxe5 24. Nxe5 Bxd5 {1-0 (34) Rohde,M (2445)-Lief,A (2250) Somerset 1986}) 16. N3h4 Be6 17. Ba4 Bd7 18. h3 Kh7 19. c3 g6 20. Ne3 Nxe4 21. Nxg6 (21. dxe4 {is interesting.} Qxh4 22. cxb4 Re7 23. Nd5) 21... fxg6 22. dxe4 bxc3 23. Bxc3 Qg5 $2 {[%emt 0:00:31][%mdl 8192] [#] Black cannot hold the game after this.} (23... Na7 $16 {is more resistant.}) 24. Rc1 (24. Qd5 $142) 24... Re7 $2 (24... Qd8 25. Nd5 (25. Qd5 Ne7 $16) 25... Rc8) 25. Bd2 Nb4 (25... Nd4) 26. Nd5 $18 {[%emt 0:00:47] White is clearly winning.} Bxa4 27. Bxg5 Bxd1 28. Bxe7 Nxd5 29. exd5 Bxe7 30. Rxc7 Kg8 31. Rxe7 Bb3 32. Re6 Bxd5 33. Rxg6+ Kf7 34. Rxd6 {[%emt 0:00:03] Weighted Error Value: White=0.36/Black=0.63} 1-0

[Event "Czech Open-Rapid 2022"]
[Site "Pardubice"]
[Date "2022.07.20"]
[Round "2.14"]
[White "Chrz, Pavel"]
[Black "Rasik, Vitezslav"]
[Result "0-1"]
[ECO "E77"]
[WhiteElo "1986"]
[BlackElo "2419"]
[Annotator "TA"]
[PlyCount "36"]
[EventDate "2022.07.20"]
[EventType "swiss"]
[EventCountry "CZE"]
[SourceTitle "playchess.com"]
[Source "ChessBase"]
[SourceQuality "1"]
[TimeControl "1200+10"]

1. e4 d6 2. d4 g6 3. c4 Bg7 4. Nc3 Nf6 5. f4 O-O 6. Nf3 c5 7. d5 e6 8. Be2 exd5 9. exd5 Bg4 10. O-O {[%emt 0:00:05] E77: King's Indian: Four Pawns Attack: 6 Be2 incl 6...c5 7 d5 e6 8 Nf3, but not Benoni.} Na6 11. h3 Bxf3 12. Bxf3 {[%emt 0:00:40][%cal Of4f5] White is slightly better.} Nc7 {[%emt 0:00:06] [#]} 13. f5 $146 ({Predecessor:} 13. Qd3 a6 14. f5 Nd7 15. Bf4 Ne5 16. Bxe5 Bxe5 17. Rae1 Qh4 18. Rxe5 dxe5 19. d6 {1-0 (38) Kulcsar,T (2210)-Apatoczky,P (2193) Hungary 2000}) 13... a6 14. a4 $1 {[%emt 0:02:52] Inhibits b5.} Qd7 15. Bg5 (15. Bg4 $14) 15... Qxf5 $11 16. Qd2 Qe5 17. Ne2 (17. Rae1 $11 {remains equal.} Qd4+ 18. Qxd4 cxd4 19. Ne2) 17... Ne4 $17 18. Qf4 {[%emt 0:01:07][%mdl 8192] [#]} Nxg5 {[%emt 0:00:05] Weighted Error Value: White=0.71/Black=0.08 (flawless)} 0-1

[Event "Czech Open-Rapid 2022"]
[Site "Pardubice"]
[Date "2022.07.20"]
[Round "2.15"]
[White "Cerveny, Martin"]
[Black "Vesely, Emanuel"]
[Result "1-0"]
[ECO "D35"]
[WhiteElo "2396"]
[BlackElo "1808"]
[Annotator "TA"]
[PlyCount "47"]
[EventDate "2022.07.20"]
[EventType "swiss"]
[EventCountry "CZE"]
[SourceTitle "playchess.com"]
[Source "ChessBase"]
[SourceQuality "1"]
[TimeControl "1200+10"]

1. d4 d5 2. c4 e6 3. Nc3 Nf6 4. cxd5 exd5 5. Bg5 Be7 6. e3 c6 7. Bd3 h6 8. Bh4 Nbd7 9. Qc2 O-O 10. Nge2 Re8 11. f3 Nf8 {[%emt 0:00:31] 11...b5 is the modern continuation.} 12. O-O Ne6 13. Rad1 Bd7 {[%emt 0:01:17] D36: Queen's Gambit Declined: Exchange Variation: Main line (5 Bg5 c6 6 Qc2).} 14. e4 {[%emt 0:01:15] [#]} Nh5 $146 (14... dxe4 $1 $11 {remains equal.} 15. fxe4 Ng4 16. Bxe7 Rxe7) ({Predecessor:} 14... dxe4 15. fxe4 Ng4 16. Bxe7 Qxe7 17. Qd2 Qg5 18. Rf3 {½-½ (18) Marshall,J-Butler,B Canberra 1993}) 15. Bxe7 $16 ({Reject} 15. exd5 Bxh4 16. dxe6 Bxe6 $11) 15... Qxe7 {[%emt 0:00:23] White is slightly better.} 16. Qd2 {[%emt 0:00:41] Inhibits Nhf4.} dxe4 17. fxe4 Qg5 {[%emt 0:00:37] [#]} (17... Rad8 $142) 18. e5 $1 Qxd2 19. Rxd2 {[%emt 0:00:02] Threatens to win with g4.} g6 20. g4 Nhg7 21. Ne4 $36 {[%emt 0:00:02][%cal Bc3e4,Be4f6,Bf6d7][%mdl 2080] Strongly threatening Nf6+. White is really pushing. White is much more active. The black rooks are badly placed.} Rf8 $2 {[%emt 0:00:31][%mdl 8192] [#]} (21... Re7 $16 22. d5 Nf8) 22. Nf6+ $18 {[%emt 0:00:03] White is clearly winning.} Kh8 23. Nxd7 Rfd8 24. Rxf7 {[%emt 0:01:33] Black did not feel at home in the position after the opening.  Weighted Error Value: White=0.05 (flawless) /Black=0.40} 1-0

[Event "Czech Open-Rapid 2022"]
[Site "Pardubice"]
[Date "2022.07.20"]
[Round "2.16"]
[White "Brozka, Karel"]
[Black "Blatny, Pavel"]
[Result "0-1"]
[ECO "A40"]
[WhiteElo "2188"]
[BlackElo "2325"]
[Annotator "TA"]
[PlyCount "92"]
[EventDate "2022.07.20"]
[EventType "swiss"]
[EventCountry "CZE"]
[SourceTitle "playchess.com"]
[Source "ChessBase"]
[SourceQuality "1"]
[TimeControl "1200+10"]

1. d4 b6 2. c4 e6 3. Nf3 Bb7 4. Bg5 Be7 5. Bxe7 Qxe7 6. Nc3 {A40: Unusual replies to 1 d4.} f5 {Inhibits e4.} 7. g3 Nf6 8. Bg2 {The position is equal.} Ne4 9. Qc2 Nxc3 10. Qxc3 a5 11. O-O O-O {[#]} 12. Rfd1 $146 ({Predecessor:} 12. Ne1 Bxg2 13. Nxg2 d6 14. Rae1 Qf6 15. Qd2 Nd7 16. b3 Rae8 17. f4 {½-½ (30) Stachowiak,K (2470)-Eggink,R (2162) Warsaw 2013}) 12... d6 13. c5 Bd5 14. Nd2 Bxg2 15. Kxg2 Nd7 (15... bxc5 $11 16. dxc5 d5) 16. cxd6 $14 cxd6 17. Rac1 f4 ({Black should try} 17... Nf6 $14) 18. Qc7 $1 $16 Rad8 19. Ne4 (19. Nf3 $16) 19... d5 $11 20. Nd6 Qf6 (20... e5 $11) 21. Rc3 $16 e5 {[#]} 22. Nb7 (22. Qc6 $1 $16) 22... exd4 $14 (22... fxg3 $2 23. Rf3 Qg5 24. hxg3 $18 (24. Nxd8 gxf2+ 25. Kxf2 Rxd8 $18)) 23. Rf3 Ne5 $1 24. Rxf4 ({Reject} 24. Nxd8 Nxf3 25. exf3 fxg3 26. Qxg3 Rxd8 $15) 24... Rd7 25. Qxd7 Nxd7 26. Rxf6 Nxf6 {[%mdl 4096] Endgame KRN-KRN} 27. Nd6 {Against Rc8} Ng4 28. Rxd4 Rxf2+ 29. Kg1 Rf6 {Threatens to win with ...Ne3.} 30. Rxg4 Rxd6 $11 {KR-KR} 31. Rd4 Kf7 32. Kf2 Ke6 33. Ke3 Rc6 34. Kd2 Ke5 35. e3 Rh6 36. h4 Rf6 37. Ke2 {Prevents Rf2+.} Rg6 38. g4 Rc6 39. Kd2 {Prevents Rc2+.} Rc4 40. Rxc4 dxc4 {KP-KP} 41. a4 Ke4 {Hoping for ...Kf3.} 42. Ke2 Kd5 43. Kf3 $2 {[%mdl 8192] [#]} (43. Kd2 $11) 43... b5 $1 $19 44. e4+ Kc5 45. Ke2 bxa4 {[%cal Oc4c3] ( -> ...c3!)} 46. Ke3 c3 {Weighted Error Value: White=0.59/Black=0.12 (very precise)} 0-1

[Event "Czech Open-Rapid 2022"]
[Site "Pardubice"]
[Date "2022.07.20"]
[Round "2.17"]
[White "Kraus, Ondrej"]
[Black "Mladek, Richard"]
[Result "1-0"]
[ECO "D30"]
[WhiteElo "1993"]
[BlackElo "2330"]
[Annotator "TA"]
[PlyCount "63"]
[EventDate "2022.07.20"]
[EventType "swiss"]
[EventCountry "CZE"]
[SourceTitle "playchess.com"]
[Source "ChessBase"]
[SourceQuality "1"]
[TimeControl "1200+10"]

1. d4 d5 2. c4 e6 3. Nf3 a6 4. e3 Nf6 5. Nc3 b6 6. Bd3 {D30: Queen's Gambit Declined: Systems without Nc3.} Bb7 7. O-O {[#]} Ne4 $146 ({Predecessor:} 7... Nbd7 8. cxd5 exd5 9. Qc2 Be7 10. e4 dxe4 11. Nxe4 O-O 12. Ne5 Nxe4 13. Bxe4 Bxe4 14. Qxe4 {½-½ (38) Smirnov,P (2544)-Andreikin,D (2726) Chess.com INT 2020}) 8. Qc2 {[%cal Rc3e4] White is slightly better.} f5 9. cxd5 exd5 10. Ne5 {And now f3 would win.} Bd6 (10... Nd7 $14) 11. f3 $16 Nxc3 12. Qxc3 (12. bxc3 $16 Bxe5 13. dxe5) 12... O-O $1 $11 13. Bd2 Nd7 14. b4 Qe8 15. f4 $36 {[%mdl 2048] White has some pressure.} Nb8 16. Qc2 g6 17. a4 {0x0.001ebed959aedp-1022s more active pieces. The black rooks are badly placed.} Nd7 18. b5 a5 (18... Qe6 $11) 19. Rac1 $16 Nf6 20. Be1 Ne4 21. Bh4 Rc8 22. Qa2 Kh8 23. Kh1 g5 $2 {Black cannot hold the game after this.} (23... Nf6 $16) 24. Bxe4 $18 ({But not} 24. fxg5 $6 Qh5 25. Rf4 Bxe5 26. dxe5 Nc5 $16) 24... dxe4 $2 (24... gxh4 {was called for.} 25. Bxd5 Bxd5 26. Qxd5 Rd8) 25. Bxg5 Qh5 $2 (25... h5 26. Qf2 Kg7) 26. Qe6 {[#] Strongly threatening g4.} Rce8 27. Bf6+ Rxf6 28. Qxf6+ Kg8 29. g4 fxg4 {[#]} 30. Nxg4 $1 h6 (30... Qxg4 31. Rg1) 31. Rg1 Kh7 32. Qxd6 {Weighted Error Value: White=0.15 (very precise) /Black=0.64} 1-0